 Dungeon Crawl Stone Soup version 0.19.5 (webtiles) character file.

3714 Azzok the Archer (level 9, -2/85 (86) HPs)
             Began as a Centaur Fighter on June 6, 2017.
             Was a Believer of Okawaru.
             Slain by a killer bee (4 damage)
             ... on level 7 of the Dungeon.
             The game lasted 00:21:48 (13689 turns).

Azzok the Archer (Centaur Fighter)                 Turns: 13689, Time: 00:21:49

HP:   -2/85 (86)    AC: 11    Str: 22    XL:     9   Next: 91%
MP:   9/9           EV:  1    Int:  7    God:    Okawaru [**....]
Gold: 410           SH:  8    Dex:  9    Spells: 0 memorised, 8 levels left

rFire  + . .     SeeInvis .     a - +0 long sword
rCold  x . .     Gourm    .     M - +0 plate armour
rNeg   . . .     Faith    .     c - +0 shield
rPois  .         Spirit   .     I - +0 hat
rElec  .         Reflect  .     v - +0 cloak
rCorr  .         Harm     .     (no gloves)
MR     .....                    (no barding)
Stlth  ..........               (no amulet)
                                C - ring of fire
                                p - +1 ring of protection

@: lethally poisoned (-2 -> -3), very quick
A: hooves 3, deformed body, speed 2, tough skin 3
a: Heroism, Renounce Religion


You were on level 7 of the Dungeon.
You worshipped Okawaru.
Okawaru was pleased with you.
You were not hungry.

You visited 2 branches of the dungeon, and saw 9 of its levels.

You collected 410 gold pieces.

Inventory:

Hand Weapons
 a - a +0 long sword (weapon)
 J - a +0 shortbow
Missiles
 m - 102 arrows
Armour
 c - a +0 shield (worn)
 v - a +0 cloak (worn)
 I - a +0 hat (worn)
 M - a +0 plate armour (worn)
Jewellery
 p - a +1 ring of protection (left hand)
 C - a ring of fire (right hand)
Wands
 r - a wand of confusion (6/48)
 G - a wand of teleportation (3/9)
Scrolls
 h - a scroll of fog {unknown}
 j - 3 scrolls of remove curse
 l - 7 scrolls of blinking
 n - 4 scrolls of identify
 o - 2 scrolls of teleportation {unknown}
 t - 4 scrolls of fear {unknown}
 u - 2 scrolls of amnesia {unknown}
 w - 3 scrolls of enchant weapon {unknown}
 y - 2 scrolls of immolation {unknown}
 A - 2 scrolls of magic mapping {unknown}
 D - a scroll of enchant armour {unknown}
 F - 3 scrolls of random uselessness {unknown}
Potions
 b - 2 potions of degeneration {unknown}
 d - 2 potions of might
 g - 3 potions of curing
 i - a potion of lignification {unknown}
 q - 2 potions of heal wounds {unknown}
 x - a potion of cancellation {unknown}
 z - 5 potions of brilliance {unknown}
 B - a potion of berserk rage {unknown}
 H - 2 potions of haste {unknown}
 K - a potion of mutation {unknown}
 L - a potion of resistance {unknown}
Comestibles
 f - 4 bread rations {@e1}
 k - 6 meat rations {@e2}
 s - a royal jelly


   Skills:
 - Level 10.5 Fighting
 - Level 1.7 Long Blades
 + Level 12.6 Bows
 - Level 2.1 Armour
 - Level 2.1 Shields


You had 8 spell levels left.
You didn't know any spells.

Dungeon Overview and Level Annotations

Branches:
Dungeon (8/15)             Temple (1/1) D:7
   Lair: D:8-11

Altars:
Ashenzari
Cheibriados
Dithmenos
Elyvilon
Fedhas
Gozag
Hepliaklqana
Kikubaaqudgha
Makhleb
Nemelex Xobeh
Okawaru
Ru
Sif Muna
Trog
Xom
Yredelemnul
The Shining One


Innate Abilities, Weirdness & Mutations

You have hooves in place of feet.
Armour fits poorly on your strangely shaped body.
You cover ground very quickly.
You have extremely tough skin. (AC +3)


Message History

* * * LOW HITPOINT WARNING * * *
Your shield and plate armour prevent you from hitting the killer bee.
Your kick misses the killer bee.
The killer bee is almost dead.
You feel sick.
The killer bee stings you but does no damage.
You block the killer bee's attack. x2
Your shield and plate armour prevent you from hitting the killer bee.
Your kick misses the killer bee.
The killer bee is almost dead.
You block the killer bee's attack.
The killer bee stings you but does no damage.
The killer bee stings you.
* * * LOW HITPOINT WARNING * * *
You closely miss the killer bee. Your kick misses the killer bee.
The killer bee is almost dead.
The killer bee stings you.
* * * LOW HITPOINT WARNING * * *
The killer bee completely misses you. The killer bee stings you.
You die...

▒··<···▒ ▒·▒ ▒▒▒▒▒▒▒▒▒▒▒▒
▒··▒▒▒·▒▒▒·▒ ▒····▒▒▒·▒▒▒▒ ▒··▒
▒··▒▒·▒ ▒·▒▒·___·____
▒··▒▒▒··▒▒·▒ ▒·▒▒·___·____
▒········▒·▒▒▒▒▒▒▒▒▒·▒▒·▒▒▒▒▒▒▒·
▒·▒▒·················▒▒·▒▒▒ ▒·
▒·▒▒·······▒▒▒▒▒▒▒▒▒▒·····▒ ▒▒·
▒·▒▒·······()(··▒ ▒·▒▒▒·▒▒▒▒··
▒·▒▒·······▒▒▒▒@▒▒▒▒▒·▒········▒
▒············▒▒y(··()·▒···▒▒▒▒··
▒·▒▒▒▒···▒▒▒······)▒▒·····▒▒▒▒▒·
▒·▒ ▒▒·▒▒ ▒▒▒▒▒▒▒··············
▒·▒▒▒▒▒·▒ ▒▒▒▒▒▒▒▒▒▒▒▒▒▒▒
▒·······▒ ▒▒▒▒▒▒▒▒▒


You could see a killer bee.

Vanquished Creatures
  A hippogriff (D:8)
  A hungry ghost (D:8)
  Eustachio (D:4)
  An orc warrior (D:7)
  2 necrophages
  An ice beast (D:6)
  5 ogres
  3 sky beasts
  A phantom (D:8)
  3 centaurs
  A crocodile (D:8)
  A big kobold (D:7)
  3 bullfrogs
  A scorpion (D:7)
  A water moccasin zombie (D:5)
  A killer bee (D:7)
  A howler monkey (D:4)
  2 crimson imps (D:7)
  2 bullfrog zombies (D:5)
  A quasit (D:7)
  3 hounds (D:7)
  11 orc wizards
  2 bullfrog skeletons
  2 orc priests (D:8)
  2 jellies (D:7)
  A centaur skeleton (D:5)
  Terence (D:2)
  Jessica (D:3)
  2 iguanas
  Natasha (D:2)
  6 worker ants
  2 hound skeletons (D:5)
  A worker ant zombie (D:8)
  7 gnolls
  A howler monkey skeleton (D:3)
  12 adders
  A shadow imp (D:5)
  2 oozes
  2 adder skeletons (D:4)
  3 dart slugs (D:1)
  3 worms
  4 leopard geckos
  29 orcs
  8 bats
  A giant cockroach (D:3)
  6 goblins
  8 hobgoblins
  9 jackals
  5 quokkas
  3 ball pythons
  5 frilled lizards
  17 kobolds
  A quokka zombie (D:5)
  7 rats
202 creatures vanquished.

Notes
Turn   | Place    | Note
-------+----------+-------------------------------------------
     0 | D:1      | Azzok the Centaur Fighter began the quest for the Orb.
     0 | D:1      | Reached XP level 1. HP: 19/19 MP: 1/1
    94 | D:1      | Reached XP level 2. HP: 11/26 MP: 2/2
   770 | D:1      | Reached XP level 3. HP: 25/33 MP: 3/3
  1745 | D:2      | Reached skill level 5 in Fighting
  1745 | D:2      | Reached XP level 4. HP: 30/42 MP: 4/4
  2689 | D:2      | Found a glowing golden altar of the Shining One.
  3043 | D:3      | Noticed Natasha
  3082 | D:3      | Noticed Terence
  3088 | D:2      | Reached XP level 5. HP: 44/50 MP: 5/5
  3141 | D:2      | Killed Terence
  3248 | D:2      | Killed Natasha
  3579 | D:3      | Noticed Jessica
  3596 | D:3      | Killed Jessica
  3596 | D:3      | Reached XP level 6. HP: 44/58 MP: 6/6
  4413 | D:4      | HP: 1/60 [ogre/giant spiked club (11)]
  4965 | D:4      | Found a basalt altar of Yredelemnul.
  5048 | D:4      | Found an opulent altar of Gozag.
  5463 | D:4      | Reached XP level 7. HP: 61/68 MP: 7/7
  5571 | D:5      | Entered Level 5 of the Dungeon
  5589 | D:5      | Noticed Eustachio
  5928 | D:4      | Killed Eustachio
  6394 | D:5      | Reached XP level 8. HP: 66/79 MP: 8/8
  6656 | D:5      | Reached skill level 10 in Fighting
  7821 | D:6      | Reached skill level 2 in Bows
  7834 | D:6      | Reached skill level 3 in Bows
  7943 | D:6      | Reached skill level 4 in Bows
  8198 | D:6      | Reached skill level 5 in Bows
  8453 | D:6      | Found a deep blue altar of Sif Muna.
  8771 | D:7      | Found an iron altar of Okawaru.
  8771 | D:7      | Found a hazy altar of Hepliaklqana.
  8771 | D:7      | Found a blossoming altar of Fedhas.
  8771 | D:7      | Found a shattered altar of Ashenzari.
  8772 | D:7      | Found a white marble altar of Elyvilon.
  8773 | D:7      | Found a staircase to the Ecumenical Temple.
  8776 | D:7      | Found a bloodstained altar of Trog.
  8776 | D:7      | Found a burning altar of Makhleb.
  8778 | Temple   | Entered the Ecumenical Temple
  8884 | Temple   | Became a worshipper of Warmaster Okawaru
  9235 | D:7      | Reached skill level 6 in Bows
  9317 | D:7      | Reached skill level 7 in Bows
  9523 | D:7      | Reached XP level 9. HP: 70/86 MP: 9/9
  9794 | D:7      | Reached skill level 8 in Bows
 10093 | D:7      | Found a shimmering altar of Xom.
 10110 | D:7      | Found a sacrificial altar of Ru.
 10110 | D:7      | Found a shimmering altar of Xom.
 10110 | D:7      | Found an iron altar of Okawaru.
 10110 | D:7      | Found a bloodstained altar of Trog.
 10111 | D:7      | Found a snail-covered altar of Cheibriados.
 10111 | D:7      | Found an ancient bone altar of Kikubaaqudgha.
 10113 | D:7      | Found an opulent altar of Gozag.
 10114 | D:7      | Found an ancient bone altar of Kikubaaqudgha.
 10256 | D:7      | Reached skill level 9 in Bows
 10522 | D:7      | Reached * piety under Okawaru
 10937 | D:8      | Reached skill level 10 in Bows
 11878 | D:8      | Found a blossoming altar of Fedhas.
 12067 | D:8      | Reached skill level 11 in Bows
 12591 | D:8      | Reached skill level 12 in Bows
 12976 | D:7      | Reached ** piety under Okawaru
 13688 | D:7      | HP: 3/85 [killer bee (3)]
 13689 | D:7      | Slain by a killer bee

Skill      XL: |  1  2  3  4  5  6  7  8  9 |
---------------+----------------------------+-----
Fighting       | 4 5 6 8 9 10 | 10.5
Bows           | 7 12 | 12.6
Long Blades    | |  1.7
Armour         | |  2.1
Shields        | |  2.1

Action                   |  1- 3 |  4- 6 |  7- 9 || total
-------------------------+-------+-------+-------++-------
Melee: Long sword        |   130 |   267 |   774 ||  1171
       Kick              |    19 |    64 |   187 ||   270
Evoke: Wand              |       |     1 |     8 ||     9
  Use: Scroll            |       |       |     3 ||     3
       Potion            |       |       |     1 ||     1
 Stab: Confused          |       |       |     2 ||     2
  Eat: Chunk             |     2 |    11 |    22 ||    35
       Royal jelly       |       |       |     1 ||     1
       Beef jerky        |       |       |     1 ||     1
       Bread ration      |       |       |     1 ||     1
       Pizza             |       |       |     1 ||     1
Armor: Chain mail        |    91 |   198 |   486 ||   775
       Plate armour      |       |       |   158 ||   158
Dodge: Dodged            |    12 |    40 |   112 ||   164
Block: Shield            |    44 |   160 |   365 ||   569
       Rpst.: Long sword |     4 |    14 |    33 ||    51
